TOP OF THE 1ST |
D.C. Divided batting - Pitching for Boston Patriots : RHP Lúcio Sánchez
|
Pitching: RHP Lúcio Sánchez
|
|
Batting: RHB Roberto Maestas
|
0-0: Ball 1-0: DOUBLE (Line Drive, 7)
|
Batting: RHB Tony Romero
|
0-0: Ball Roberto Maestas steals 3rd base 1-0: Foul Ball, location: 2F 1-1: Fly out, F9 (Flyball, 9) Runner from 3rd tags up, SCORES, throw made
|
Batting: RHB Julián Salcido
|
0-0: Swinging Strike 0-1: Foul Ball, location: 2F 0-2: SOLO HOME RUN (Flyball, 7LD), Distance : 361 ft
|
Batting: RHB Wilbur Davis
|
0-0: Ball 1-0: Foul Ball, location: 2F 1-1: Called Strike 1-2: Ball 2-2: Fly out, F5 (Line Drive, 5S)
|
Batting: RHB Mario Castillo
|
0-0: Ball 1-0: Swinging Strike 1-1: Ball 2-1: Ball 3-1: Foul Ball, location: 2F 3-2: SINGLE (Line Drive, 56)
|
Batting: LHB Obidiah Lewis
|
0-0: Called Strike 0-1: Foul Ball, location: 2F 0-2: DOUBLE (Line Drive, 89XD) Mario Castillo to third Runner from 3rd tries for Home, SAFE, no throw
|
Batting: RHB Arturo Rodríguez
|
0-0: Foul Ball, location: 2F 0-1: Ball 1-1: Ball 2-1: Ball 3-1: Swinging Strike 3-2: Strikes out looking
|
Top of the 1st over - 3 runs, 4 hits, 0 errors, 1 left on base; D.C. 3 - Boston 0 |
BOTTOM OF THE 1ST |
Boston Patriots batting - Pitching for D.C. Divided : RHP Manuel Delgadillo
|
Pitching: RHP Manuel Delgadillo
|
|
Batting: RHB António Padilla
|
0-0: Foul Ball, location: 2F 0-1: Ball 1-1: Ball 2-1: Called Strike 2-2: Ground out 4-3 (Groundball, 4)
|
Batting: RHB Terry Armstrong
|
0-0: Ball 1-0: Ball 2-0: Ball 3-0: Called Strike 3-1: Called Strike 3-2: Base on Balls
|
Batting: RHB Omer Yurtseven
|
0-0: Swinging Strike 0-1: Ball 1-1: Called Strike 1-2: Ball 2-2: Ball 3-2: Base on Balls Terry Armstrong to second
|
Batting: LHB José Marín
|
0-0: Ball 1-0: Called Strike 1-1: Ball 2-1: Foul Ball, location: 2F 2-2: Ball 3-2: Grounds into double play, 6-4-3 (Groundball, 6)
|
Bottom of the 1st over - 0 runs, 0 hits, 0 errors, 1 left on base; D.C. 3 - Boston 0 |
TOP OF THE 2ND |
D.C. Divided batting - Pitching for Boston Patriots : RHP Lúcio Sánchez
|
Batting: LHB Neil Lawson
|
0-0: Ball 1-0: Ball 2-0: Ball 3-0: Called Strike 3-1: Foul Ball, location: 2F 3-2: Strikes out swinging
|
Batting: RHB Nick Boyd
|
0-0: Fly out, F7 (Line Drive, 7)
|
Batting: RHB Roberto Maestas
|
0-0: Called Strike 0-1: Foul Ball, location: 2F 0-2: Ball 1-2: Foul Ball, location: 2F 1-2: Ball 2-2: Fly out, F5 (Line Drive, 56)
|
Top of the 2nd over - 0 runs, 0 hits, 0 errors, 0 left on base; D.C. 3 - Boston 0 |
BOTTOM OF THE 2ND |
Boston Patriots batting - Pitching for D.C. Divided : RHP Manuel Delgadillo
|
Batting: LHB Jorge Alejándrez
|
0-0: Called Strike 0-1: Foul Ball, location: 2F 0-2: Ball 1-2: Fly out, F6 (Popup, 6M)
|
Batting: LHB Timmy Appeldoorn
|
0-0: Foul Ball, location: 2F 0-1: Swinging Strike 0-2: Ball 1-2: Foul Ball, location: 2F 1-2: Foul Ball, location: 2F 1-2: Foul Ball, location: 2F 1-2: Strikes out looking
|
Batting: RHB Francisco Agámez
|
0-0: Ground out 5-3 (Groundball, 5)
|
Bottom of the 2nd over - 0 runs, 0 hits, 0 errors, 0 left on base; D.C. 3 - Boston 0 |
TOP OF THE 3RD |
D.C. Divided batting - Pitching for Boston Patriots : RHP Lúcio Sánchez
|
Batting: RHB Tony Romero
|
0-0: Ball 1-0: Bunt missed! 1-1: Ground out 5-3 (Groundball, 56S)
|
Batting: RHB Julián Salcido
|
0-0: Ball 1-0: Called Strike 1-1: Foul Ball, location: 2F 1-2: Strikes out swinging
|
Batting: RHB Wilbur Davis
|
0-0: Called Strike 0-1: Ball 1-1: Swinging Strike 1-2: Ball 2-2: Ball 3-2: Foul Ball, location: 2F 3-2: SINGLE (Flyball, 78S)
|
Batting: RHB Mario Castillo
|
0-0: Ball 1-0: Called Strike 1-1: Swinging Strike 1-2: Ball 2-2: Strikes out swinging
|
Top of the 3rd over - 0 runs, 1 hit, 0 errors, 1 left on base; D.C. 3 - Boston 0 |
BOTTOM OF THE 3RD |
Boston Patriots batting - Pitching for D.C. Divided : RHP Manuel Delgadillo
|
Batting: RHB Karl Schultz
|
0-0: Ball 1-0: Ball 2-0: Ball 3-0: Called Strike 3-1: Base on Balls
|
Batting: RHB Miguel Márquez
|
0-0: Ball 1-0: Foul Ball, location: 2F 1-1: Ball 2-1: Called Strike 2-2: Foul Ball, location: 2F 2-2: Ground out 6-3 (Groundball, 6S) Karl Schultz to second
|
Batting: RHB António Padilla
|
0-0: Ball 1-0: Fly out, F9 (Flyball, 9S)
|
Batting: RHB Terry Armstrong
|
0-0: Ball 1-0: Ball 2-0: Ball 3-0: Base on Balls
|
Batting: RHB Omer Yurtseven
|
0-0: Called Strike 0-1: Swinging Strike 0-2: Ball 1-2: Ball 2-2: Foul Ball, location: 2F 2-2: Strikes out looking
|
Bottom of the 3rd over - 0 runs, 0 hits, 0 errors, 2 left on base; D.C. 3 - Boston 0 |
TOP OF THE 4TH |
D.C. Divided batting - Pitching for Boston Patriots : RHP Lúcio Sánchez
|
Batting: LHB Obidiah Lewis
|
0-0: Called Strike 0-1: Ball 1-1: Ball 2-1: SOLO HOME RUN (Flyball, 9LD), Distance : 353 ft
|
Batting: RHB Arturo Rodríguez
|
0-0: Swinging Strike 0-1: Ball 1-1: Foul Ball, location: 2F 1-2: Foul Ball, location: 2F 1-2: Strikes out swinging
|
Batting: LHB Neil Lawson
|
0-0: Ball 1-0: SOLO HOME RUN (Flyball, 9LD), Distance : 448 ft
|
Batting: RHB Nick Boyd
|
0-0: Ball 1-0: Ball 2-0: Called Strike 2-1: Swinging Strike 2-2: Strikes out swinging
|
Batting: RHB Roberto Maestas
|
0-0: Ball 1-0: DOUBLE (Line Drive, 78XD)
|
Batting: RHB Tony Romero
|
0-0: Fly out, F9 (Flyball, 89S)
|
Top of the 4th over - 2 runs, 3 hits, 0 errors, 1 left on base; D.C. 5 - Boston 0 |
BOTTOM OF THE 4TH |
Boston Patriots batting - Pitching for D.C. Divided : RHP Manuel Delgadillo
|
Batting: LHB José Marín
|
0-0: Ground out 6-3 (Groundball, 6)
|
Batting: LHB Jorge Alejándrez
|
0-0: Fly out, F7 (Flyball, 7LMF)
|
Batting: LHB Timmy Appeldoorn
|
0-0: Ball 1-0: Foul Ball, location: 2F 1-1: Hit by Pitch
|
Batting: RHB Francisco Agámez
|
0-0: Fly out, F9 (Flyball, 9D)
|
Bottom of the 4th over - 0 runs, 0 hits, 0 errors, 1 left on base; D.C. 5 - Boston 0 |
TOP OF THE 5TH |
D.C. Divided batting - Pitching for Boston Patriots : RHP Lúcio Sánchez
|
Batting: RHB Julián Salcido
|
0-0: Ball 1-0: Called Strike 1-1: Swinging Strike 1-2: Ball 2-2: Ball 3-2: Strikes out swinging
|
Batting: RHB Wilbur Davis
|
0-0: Called Strike 0-1: Ball 1-1: Ball 2-1: Fly out, F7 (Flyball, 7S)
|
Batting: RHB Mario Castillo
|
0-0: Ball 1-0: Called Strike 1-1: Foul Ball, location: 2F 1-2: Ball 2-2: Foul Ball, location: 2F 2-2: Strikes out looking
|
Top of the 5th over - 0 runs, 0 hits, 0 errors, 0 left on base; D.C. 5 - Boston 0 |
BOTTOM OF THE 5TH |
Boston Patriots batting - Pitching for D.C. Divided : RHP Manuel Delgadillo
|
Batting: RHB Karl Schultz
|
0-0: DOUBLE (Line Drive, 7LS)
|
Batting: RHB Miguel Márquez
|
0-0: Foul Ball, location: 2F 0-1: Ball 1-1: Ball 2-1: Ground out 6-3 (Groundball, 6S) Karl Schultz to third
|
Batting: RHB António Padilla
|
0-0: Called Strike 0-1: Ball 1-1: Ball 2-1: Ball 3-1: Called Strike 3-2: Base on Balls
|
Batting: RHB Terry Armstrong
|
0-0: Ball 1-0: Ball 2-0: Ball 3-0: Called Strike 3-1: Foul Ball, location: 2F 3-2: Base on Balls António Padilla to second
|
Batting: RHB Omer Yurtseven
|
0-0: Called Strike 0-1: Ball 1-1: Swinging Strike 1-2: Fly out, F7 (Flyball, 78D) Runner from 3rd tags up, SCORES, throw made
|
Batting: LHB José Marín
|
0-0: Ball 1-0: Ball 2-0: Swinging Strike 2-1: SINGLE (Groundball, 4MD) António Padilla to third Terry Armstrong to second Runner from 3rd tries for Home, SAFE, no throw
|
Batting: LHB Jorge Alejándrez
|
0-0: Fly out, F7 (Flyball, 7S)
|
Bottom of the 5th over - 2 runs, 2 hits, 0 errors, 2 left on base; D.C. 5 - Boston 2 |
TOP OF THE 6TH |
D.C. Divided batting - Pitching for Boston Patriots : RHP Lúcio Sánchez
|
Batting: LHB Obidiah Lewis
|
0-0: Called Strike 0-1: Ball 1-1: Ball 2-1: Foul Ball, location: 2F 2-2: Fly out, F8 (Flyball, 8LD)
|
Batting: RHB Arturo Rodríguez
|
0-0: Called Strike 0-1: Ball 1-1: Ball 2-1: Ball 3-1: SINGLE (Flyball, 5D)
|
Pitching: RHP Jorge Aguirre
|
|
Batting: LHB Neil Lawson
|
0-0: Fly out, F9 (Flyball, 89S)
|
Batting: RHB Nick Boyd
|
0-0: Called Strike 0-1: Ball 1-1: Ball 2-1: SINGLE (Flyball, 89S) Arturo Rodríguez to second Runner from 2nd tries for 3rd, SAFE, no throw
|
Batting: RHB Roberto Maestas
|
0-0: Called Strike 0-1: Fielders Choice at 2nd, U6 (Groundball, 6M)
|
Top of the 6th over - 0 runs, 2 hits, 0 errors, 2 left on base; D.C. 5 - Boston 2 |
BOTTOM OF THE 6TH |
Boston Patriots batting - Pitching for D.C. Divided : RHP Manuel Delgadillo
|
Batting: LHB Timmy Appeldoorn
|
0-0: Ball 1-0: Foul Ball, location: 2F 1-1: Fly out, F9 (Flyball, 9D)
|
Batting: RHB Francisco Agámez
|
0-0: Ball 1-0: Fly out, F8 (Line Drive, 8RD)
|
Batting: RHB Karl Schultz
|
0-0: Ball 1-0: Ball 2-0: Called Strike 2-1: Ball 3-1: Base on Balls
|
Batting: RHB Miguel Márquez
|
0-0: Foul Ball, location: 2F 0-1: Swinging Strike 0-2: Ball 1-2: Ball 2-2: Ball 3-2: Ground out 6-3 (Groundball, 6M)
|
Bottom of the 6th over - 0 runs, 0 hits, 0 errors, 1 left on base; D.C. 5 - Boston 2 |
TOP OF THE 7TH |
D.C. Divided batting - Pitching for Boston Patriots : RHP Jorge Aguirre
|
Batting: RHB Tony Romero
|
0-0: Ball 1-0: Fly out, F8 (Flyball, 8RXD)
|
Batting: RHB Julián Salcido
|
0-0: Swinging Strike 0-1: Foul Ball, location: 2F 0-2: Ball 1-2: Strikes out looking
|
Batting: RHB Wilbur Davis
|
0-0: Ball 1-0: Foul Ball, location: 2F 1-1: Swinging Strike 1-2: Ground out 1-3 (Groundball, 13)
|
Top of the 7th over - 0 runs, 0 hits, 0 errors, 0 left on base; D.C. 5 - Boston 2 |
BOTTOM OF THE 7TH |
Boston Patriots batting - Pitching for D.C. Divided : RHP Manuel Delgadillo
|
Batting: RHB António Padilla
|
0-0: Called Strike 0-1: Ball 1-1: Ground out 6-3 (Groundball, 6)
|
Batting: RHB Terry Armstrong
|
0-0: Called Strike 0-1: Ball 1-1: Ball 2-1: Ball 3-1: Swinging Strike 3-2: Foul Ball, location: 2F 3-2: Ground out 4-3 (Groundball, 4S)
|
Batting: RHB Omer Yurtseven
|
0-0: Ball 1-0: Foul Ball, location: 2F 1-1: Ball 2-1: Ball 3-1: Ground out 4-3 (Groundball, 4)
|
Bottom of the 7th over - 0 runs, 0 hits, 0 errors, 0 left on base; D.C. 5 - Boston 2 |
TOP OF THE 8TH |
D.C. Divided batting - Pitching for Boston Patriots : RHP Jorge Aguirre
|
Batting: RHB Mario Castillo
|
0-0: Ball 1-0: Called Strike 1-1: Foul Ball, location: 2F 1-2: Ground out 6-3 (Groundball, 6)
|
Batting: LHB Obidiah Lewis
|
0-0: Ball 1-0: Ground out 1-3 (Groundball, 13)
|
Batting: RHB Arturo Rodríguez
|
0-0: Foul Ball, location: 2F 0-1: Foul Ball, location: 2F 0-2: Ball 1-2: Ground out 6-3 (Groundball, 6S)
|
Top of the 8th over - 0 runs, 0 hits, 0 errors, 0 left on base; D.C. 5 - Boston 2 |
BOTTOM OF THE 8TH |
Boston Patriots batting - Pitching for D.C. Divided : RHP Manuel Delgadillo
|
Pitching: RHP Gavin Blackburn
|
|
Batting: LHB José Marín
|
0-0: Called Strike 0-1: Ball 1-1: Foul Ball, location: 2F 1-2: Ball 2-2: SINGLE (Line Drive, 8RM)
|
Batting: LHB Jorge Alejándrez
|
0-0: Swinging Strike 0-1: Fly out, F9 (Flyball, 89D)
|
Batting: LHB Timmy Appeldoorn
|
0-0: Called Strike 0-1: Swinging Strike 0-2: Ball 1-2: Ball 2-2: Reached on error, E6 (Groundball, 6) José Marín to second
|
Batting: RHB Francisco Agámez
|
0-0: Foul Ball, location: 2F 0-1: 3-RUN HOME RUN (Line Drive, 7LD), Distance : 356 ft
|
Pitching: RHP Denver Milne
|
|
Batting: RHB Karl Schultz
|
0-0: Ground out 6-3 (Groundball, 6)
|
Batting: RHB Miguel Márquez
|
0-0: Ball 1-0: Foul Ball, location: 2F 1-1: Ball 2-1: Called Strike 2-2: Ball 3-2: Foul Ball, location: 2F 3-2: Foul Ball, location: 2F 3-2: Strikes out swinging
|
Bottom of the 8th over - 3 runs, 2 hits, 1 error, 0 left on base; D.C. 5 - Boston 5 |
TOP OF THE 9TH |
D.C. Divided batting - Pitching for Boston Patriots : RHP Jorge Aguirre
|
Batting: LHB Neil Lawson
|
0-0: Fly out, F8 (Flyball, 8LM)
|
Batting: RHB Nick Boyd
|
0-0: Ball 1-0: SOLO HOME RUN (Flyball, 7LD), Distance : 358 ft
|
Batting: RHB Roberto Maestas
|
0-0: Ball 1-0: SINGLE (Flyball, 9LM)
|
Batting: RHB Tony Romero
|
0-0: Ball Roberto Maestas steals 2nd base 1-0: Swinging Strike 1-1: Foul Ball, location: 2F 1-2: Foul Ball, location: 2F 1-2: Ball 2-2: TRIPLE (Flyball, 8LXD) Roberto Maestas scores
|
Batting: RHB Julián Salcido
|
0-0: Called Strike 0-1: Foul Ball, location: 2F 0-2: Strikes out looking
|
Batting: RHB Wilbur Davis
|
0-0: Called Strike 0-1: Ball 1-1: Foul Ball, location: 2F 1-2: Fly out, F8 (Flyball, 8LM)
|
Top of the 9th over - 2 runs, 3 hits, 0 errors, 1 left on base; D.C. 7 - Boston 5 |
BOTTOM OF THE 9TH |
Boston Patriots batting - Pitching for D.C. Divided : RHP Denver Milne
|
Pitching: RHP Gabriel Hidalgo
|
|
Batting: RHB António Padilla
|
0-0: Ball 1-0: Swinging Strike 1-1: Called Strike 1-2: Foul Ball, location: 2F 1-2: Ball 2-2: Foul Ball, location: 2F 2-2: Strikes out swinging
|
Batting: RHB Terry Armstrong
|
0-0: Called Strike 0-1: Ball 1-1: Foul Ball, location: 2F 1-2: SINGLE (Groundball, 6D)
|
Batting: RHB Omer Yurtseven
|
0-0: Foul Ball, location: 2F 0-1: Foul Ball, location: 2F 0-2: Foul Ball, location: 2F 0-2: Ball 1-2: SINGLE (Flyball, 9LS) Terry Armstrong to second
|
Batting: LHB José Marín
|
0-0: Called Strike 0-1: Ball 1-1: Ball 2-1: Called Strike 2-2: Grounds into double play, 4-6-3 (Groundball, 4)
|
Bottom of the 9th over - 0 runs, 2 hits, 0 errors, 1 left on base; D.C. 7 - Boston 5 |
|